 Dungeon Crawl Stone Soup version 0.18.1-8-gdd0e5ea (webtiles) character file.

1682 raph the Firebug (level 8, -5/43 (44) HPs)
             Began as a Deep Elf Fire Elementalist on May 22, 2016.
             Was an Initiate of Vehumet.
             Killed by nerve-wracking pain
             ... invoked by Grinder
              (11 damage)
             ... on level 6 of the Dungeon.
             The game lasted 00:20:30 (7443 turns).

raph the Firebug (Deep Elf Fire Elementalist)       Turns: 7443, Time: 00:20:31

HP:   -5/43 (44)    AC: 11    Str:  5    XL:     8   Next: 71%
MP:   4/19          EV: 15    Int: 22    God:    Vehumet [......]
Gold: 307           SH:  0    Dex: 16    Spells: 5 memorised, 6 levels left

rFire  . . .     SeeInvis .     r - +1 dagger (protect)
rCold  + . .     Gourm    .     a - +0 robe
rNeg   . . .     Faith    .     (no shield)
rPois  .         Spirit   .     t - +2 helmet
rElec  .         Dismiss  .     (no cloak)
rCorr  .         Reflect  .     (no gloves)
SustAt .         Harm     .     z - +0 pair of boots
MR     .....                    (no amulet)
Stlth  +++.......               (no ring)
                                l - ring of protection from cold

@: not resistant to hostile enchantments, fairly stealthy
A: no striking features
a: Renounce Religion


You were on level 6 of the Dungeon.
You worshipped Vehumet.
Vehumet was noncommittal.
You were hungry.

You visited 1 branch of the dungeon, and saw 6 of its levels.

You collected 307 gold pieces.

Inventory:

Hand Weapons
 d - a +1 dagger
 r - a +1 dagger of protection (weapon)
Armour
 a - a +0 robe (worn)
 t - a +2 helmet (worn)
 z - a +0 pair of boots (worn)
Jewellery
 l - a ring of protection from cold (left hand)
Wands
 s - a wand of slowing (48/48)
Scrolls
 e - 4 scrolls of identify
 h - a scroll of fog
 o - a scroll of fear
 p - a scroll of immolation
 q - a scroll of magic mapping
 v - a scroll of blinking
 x - a scroll of enchant weapon
 y - a scroll of remove curse
Potions
 f - 5 potions of lignification
 m - a potion of resistance
 n - a potion of heal wounds {unknown}
 u - a potion of might
 w - a potion of cure mutation
 B - a potion of curing
Books
 b - a book of Flames

   Spells                             Type                      Level
   a - Flame Tongue                   Conjuration/Fire             1
   b - Throw Flame                    Conjuration/Fire             2
   c - Conjure Flame                  Conjuration/Fire             3
   d - Inner Flame                    Hexes/Fire                   3
   e - Sticky Flame                   Conjuration/Fire             4
   f - Fireball                       Conjuration/Fire             5
Comestibles
 c - 5 bread rations
 g - a royal jelly
 i - a slice of pizza
 j - 2 meat rations
 k - a beef jerky


   Skills:
 + Level 2.1 Fighting
 + Level 5.0 Dodging
 + Level 5.6 Stealth
 + Level 6.0 Spellcasting
 * Level 6.4 Conjurations
 * Level 7.3 Fire Magic


You had 6 spell levels left.
You knew the following spells:

 Your Spells              Type           Power        Failure   Level  Hunger
a - Flame Tongue          Conj/Fire      #####        1%          1    None
b - Throw Flame           Conj/Fire      #####.       1%          2    None
c - Conjure Flame         Conj/Fire      #####...     1%          3    #......
d - Inner Flame           Hex/Fire       ###.....     8%          3    #......
e - Sticky Flame          Conj/Fire      #####...     8%          4    ###....


Dungeon Overview and Level Annotations

Branches:
Dungeon (6/15)
 Temple: D:4-7

Altars:
Fedhas
Kikubaaqudgha
Makhleb
Okawaru
Vehumet
Zin

Shops:
D:5 :

Annotations:
D:4 zeroDi's ghost, novice VSAs
D:5 pipel's ghost, novice FoFi
D:6 Grinder


Message History

The flame tongue hits something.
Casting: Flame Tongue
Confirm with . or Enter, or press ? or * to list all spells.
Aiming: Flame Tongue
Press: ? - help, Shift-Dir - straight line
Casting: Flame Tongue
Confirm with . or Enter, or press ? or * to list all spells.
Aiming: Flame Tongue
Press: ? - help, Shift-Dir - straight line Unknown command.
Casting: Flame Tongue
Confirm with . or Enter, or press ? or * to list all spells.
Aiming: Flame Tongue
Press: ? - help, Shift-Dir - straight line Pain shoots through your body!
* * * LOW HITPOINT WARNING * * *
Pain shoots through your body!
* * * LOW HITPOINT WARNING * * *
Pain shoots through your body!
You die...

..#.#..## .......##
.....#..## #######
##.......## #.##..#
###.......####...##
#......#..##...#
##.....>..#.#..## # #
#...........#..# .#
####........####@.# ..##
..........### #.### #...##
..........# ##..####......
..........# #....#.......
...###.....# ##............
........##...###...##........
.......## #.......#####......
.#....## ###....## #.....
###...# #....## #....


There were no monsters in sight!

Vanquished Creatures
  Pikel (D:6)
  A necrophage (D:6)
  4 slaves (D:6)
  2 ogres
  A phantom (D:4)
  A giant frog (D:6)
  A scorpion (D:5)
  4 hounds
  2 orc priests
  A giant frog skeleton (D:4)
  5 orc wizards
  2 iguanas
  2 worker ants
  A killer bee zombie (D:5)
  2 hound skeletons
  Robin (D:2)
  2 howler monkey skeletons (D:4)
  9 adders
  2 shadow imps
  2 oozes (D:2)
  An adder skeleton (D:4)
  An adder zombie (D:3)
  3 worms
  A dart slug (D:4)
  A giant gecko (D:1)
  15 orcs
  4 ball pythons
  3 giant cockroaches
  17 goblins
  11 hobgoblins
  14 jackals
  A quokka (D:4)
  A ball python zombie (D:5)
  4 bats
  A giant gecko skeleton (D:4)
  8 giant newts
  5 kobolds
  5 rats
142 creatures vanquished.

Notes
Turn   | Place    | Note
--------------------------------------------------------------
     0 | D:1      | raph the Deep Elf Fire Elementalist began the quest for the Orb.
     0 | D:1      | Reached XP level 1. HP: 10/10 MP: 6/6
   220 | D:1      | Reached XP level 2. HP: 15/15 MP: 6/8
   242 | D:1      | Learned a level 2 spell: Throw Flame
  1319 | D:2      | Reached XP level 3. HP: 19/19 MP: 1/9
  1392 | D:2      | Learned a level 3 spell: Conjure Flame
  1503 | D:2      | Found an iron altar of Okawaru.
  2087 | D:2      | Noticed Robin
  2316 | D:2      | Reached XP level 4. HP: 24/24 MP: 7/11
  2319 | D:2      | Reached skill level 4 in Fire Magic
  2324 | D:2      | Learned a level 3 spell: Inner Flame
  2347 | D:2      | Killed Robin
  3157 | D:3      | Reached XP level 5. HP: 14/28 MP: 6/12
  4044 | D:4      | Noticed a phantom
  4371 | D:4      | Reached skill level 5 in Fire Magic
  4371 | D:4      | Reached XP level 6. HP: 32/32 MP: 7/14
  4411 | D:4      | Noticed zeroDi's ghost (novice VSAs)
  4627 | D:4      | Learned a level 4 spell: Sticky Flame
  5315 | D:4      | Reached XP level 7. HP: 36/36 MP: 5/16
  5851 | D:4      | Reached skill level 5 in Spellcasting
  6061 | D:5      | Entered Level 5 of the Dungeon
  6093 | D:5      | Noticed pipel's ghost (novice FoFi)
  6160 | D:5      | Reached skill level 5 in Conjurations
  6160 | D:5      | Reached skill level 1 in Fighting
  6218 | D:5      | Reached skill level 6 in Fire Magic
  6341 | D:5      | Found Pozuts's Book Emporium.
  6358 | D:5      | Found a radiant altar of Vehumet.
  6359 | D:5      | Found a burning altar of Makhleb.
  6375 | D:5      | Became a worshipper of Vehumet
  6579 | D:5      | Found an ancient bone altar of Kikubaaqudgha.
  6580 | D:5      | Found a blossoming altar of Fedhas.
  6732 | D:6      | Reached XP level 8. HP: 43/43 MP: 8/17
  6989 | D:6      | Noticed Pikel
  7014 | D:6      | Killed Pikel
  7014 | D:6      | Reached skill level 5 in Stealth
  7014 | D:6      | Reached skill level 7 in Fire Magic
  7185 | D:6      | Noticed an angel
  7186 | D:6      | Found a glowing silver altar of Zin.
  7408 | D:6      | Noticed Grinder
  7413 | D:6      | Reached skill level 5 in Dodging
  7443 | D:6      | Killed from afar by Grinder

Skill      XL: |  1  2  3  4  5  6  7  8 |
---------------+-------------------------+-----
Conjurations   | 2 3 4 5 6 |  6.4
Stealth        | 3 4 5 |  5.6
Fire Magic     | 4 5 6 7 |  7.3
Dodging        | 3 4 5 |  5.0
Spellcasting   | 4 5 6 |  6.0
Fighting       | 1 2 |  2.1

Action                   |  1- 3 |  4- 6 |  7- 9 || total
-------------------------+-------+-------+-------++-------
Melee: Dagger            |     4 |     1 |    40 ||    45
 Cast: Flame Tongue      |    58 |   111 |    78 ||   247
       Throw Flame       |    19 |    28 |    15 ||    62
       Conjure Flame     |     2 |     7 |     2 ||    11
       Inner Flame       |       |     1 |     3 ||     4
       Sticky Flame      |       |       |     3 ||     3
  Use: Potion            |       |     3 |     1 ||     4
       Scroll            |       |    10 |     5 ||    15
 Stab: Sleeping          |       |     1 |       ||     1
  Eat: Chunk             |     5 |     9 |     6 ||    20
       Beef jerky        |       |     1 |       ||     1
Armor: Robe              |     3 |     9 |    11 ||    23
Dodge: Dodged            |    13 |    29 |    34 ||    76
